 Dungeon Crawl Stone Soup version 0.21-a0-578-gc6e9d75 (webtiles) character file.

28 tidbits the Sneak (level 2, -7/12 HPs)
             Began as a Felid Transmuter on Dec 18, 2017.
             Mangled by a worm (8 damage)
             ... on level 2 of the Dungeon.
             The game lasted 00:02:18 (292 turns).

tidbits the Sneak (Felid Transmuter)                 Turns: 292, Time: 00:02:19

Health: -7/12      AC:  1    Str:  6    XL:     2   Next: 96%
Magic:  1/6        EV: 18    Int: 14    God:
Gold:   23         SH:  0    Dex: 16    Spells: 2/5 levels left
                                        Lives:  0   Deaths: 0

rFire    . . .     SeeInvis +     - Unarmed
rCold    . . .     Gourm    .   (shield unavailable)
rNeg     . . .     Faith    .   (armour unavailable)
rPois    .         Spirit   .   (helmet unavailable)
rElec    .         Reflect  .   (cloak unavailable)
rCorr    .         Harm     .   (gloves unavailable)
MR       .....                  (boots unavailable)
Stlth    +++.......             (no amulet)
HPRegen  0.04/turn              (no ring)
MPRegen  0.10/turn              (no ring)

@: lethally poisoned (-7 -> -20), appendage, very slightly contaminated, quick
A: very small, no armour, no weapons or thrown items, stealth, claws 1, fangs 3,
horns 2, see invisible, carnivore, speed 1, shaggy fur 1, slow metabolism 1,
sharp paws
a: End Transformation


You were on level 2 of the Dungeon.
You were not hungry.
You had grown temporary horns.
You visited 1 branch of the dungeon, and saw 2 of its levels.

You collected 23 gold pieces.

Inventory:

Missiles
 a - 11 arrows
 d - 84 stones
Scrolls
 f - 2 scrolls of identify {unknown}
 g - a scroll of immolation {unknown}
Potions
 e - a potion of heal wounds {unknown}
Books
 b - a book of Changes

   Spells                             Type                      Level
   a - Beastly Appendage              Transmutation                1
   b - Sticks to Snakes               Transmutation                2
   c - Spider Form                    Transmutation/Poison         3
   d - Ice Form                       Ice/Transmutation            4
   e - Blade Hands                    Transmutation                5
Comestibles
 c - 2 rations


   Skills:
 - Level 1.1 Fighting
 - Level 2.8 Dodging
 + Level 3.3 Stealth
 - Level 3.0 Unarmed Combat
 - Level 2.0 Spellcasting
 - Level 2.3 Transmutations


You had 2 spell levels left.
You knew the following spells:

 Your Spells              Type           Power        Failure   Level  Hunger
e - Beastly Appendage     Tmut           #.....       9%          1    ##.....
k - Sticks to Snakes      Tmut           #.......     14%         2    ###....


Dungeon Overview and Level Annotations

Branches:
Dungeon (2/15)

Altars:


Innate Abilities, Weirdness & Mutations

You cannot wear armour.
You are incapable of wielding weapons or throwing items.
Your paws allow you to move quietly. (Stealth)
You have sharp claws.
You have razor-sharp teeth.
You have supernaturally acute eyesight. (SInv)
You are carnivorous and can eat meat at any time.
You cover ground quickly.
You are covered in fur. (AC +1)
You have a slow metabolism.
Your sharp claws are effective at attacking unaware monsters.
You have a pair of horns on your head.


Message History

Your transformation is almost over.
The ooze misses you.
You barely miss the ooze. You headbutt the ooze.
You kill the ooze!
Your Stealth skill increases to level 3!
A kobold comes into view. It is wielding a dagger.
Okay, then.
Unknown command.
The kobold shouts!
Your horns disappear.
You scratch the kobold but do no damage.
Your claw misses the kobold. The kobold barely misses you.
Casting: Beastly Appendage
Confirm with . or Enter, or press ? or * to list all spells.
You grow a pair of large bovine horns.
The kobold hits you but does no damage.
You barely miss the kobold. You bite the kobold.
The kobold is heavily wounded.
The kobold closely misses you.
Your magical contamination has completely faded away.
You barely miss the kobold. Your headbutt misses the kobold.
The kobold is heavily wounded.
The kobold completely misses you.
You closely miss the kobold.
The kobold is heavily wounded.
The kobold misses you.
You barely miss the kobold.
The kobold is heavily wounded.
The kobold hits you but does no damage.
You closely miss the kobold.
The kobold is heavily wounded.
The kobold closely misses you.
You scratch the kobold.
You kill the kobold!
Your transformation is almost over.
Things that are here:
a dagger; a kobold corpse You now have 23 gold pieces (gained 8).
There are no items here.
Your horns disappear.
A hobgoblin comes into view. It is wielding a club.
You pounce on the unaware helpless hobgoblin!
You mangle the hobgoblin!!
You kill the hobgoblin!
There is a stone staircase leading down here.
You climb downwards.
There is a stone staircase leading up here.
f - 2 scrolls labeled ULUASS JUSHA (gained 1)
Found 18 stones.
A giant cockroach comes into view.
Found a ration.
You pounce on the unaware helpless giant cockroach!
You claw the giant cockroach!
You kill the giant cockroach!
A goblin comes into view. It is wielding a dagger of venom.
You see here 18 stones.
d - 84 stones (gained 18)
The goblin shouts!
Found a scroll labeled XUREGA BIFO.
c - 2 rations (gained 1)
There are no items here.
A worm comes into view.
You see here a scroll labeled XUREGA BIFO.
g - a scroll labeled XUREGA BIFO
Okay, then.
Casting: Beastly Appendage
Confirm with . or Enter, or press ? or * to list all spells.
You miscast Beastly Appendage.
You are very lightly contaminated with residual magic.
You smell something strange.
Casting: Beastly Appendage
Confirm with . or Enter, or press ? or * to list all spells.
You miscast Beastly Appendage.
Your skin glows momentarily.
Casting: Beastly Appendage
Confirm with . or Enter, or press ? or * to list all spells.
You grow a pair of large bovine horns.
The worm misses you.
Casting: Beastly Appendage
Confirm with . or Enter, or press ? or * to list all spells.
You create a snake!
You now have 11 arrows.
You barely miss the worm. The worm misses you.
Your ball python bites the worm.
Your ball python barely misses the worm.
You scratch the worm.
The worm is moderately wounded.
Your ball python bites the worm but does no damage.
Your ball python grabs the worm.
Your ball python constricts the worm.
The goblin hits you with a dagger of venom.
* * * LOW HITPOINT WARNING * * *
You are lethally poisoned!
You scratch the worm but do no damage.
The worm is moderately wounded.
* * * LOW HITPOINT WARNING * * *
You feel sick. The worm closely misses you.
Your ball python bites the worm.
Your ball python constricts the worm.
The goblin closely misses you.
You scratch the worm.
The worm is heavily wounded.
* * * LOW HITPOINT WARNING * * *
You feel sick.
Your ball python bites the worm.
Your ball python constricts the worm.
The worm bites you!
Ouch! That really hurt!
You die...

#
##############....
#@g.........g....#
#w#######.#####.##
#### #S##...##.###
#####..
..##.#......#
.....#
#####...##.#.#
#..### ##.###.#.#
#..<.# #.# #.# #
##.##.# #.# #.#
#.##..)#.#######.#
#.#


You could see a worm, a goblin and a friendly ball python.

Vanquished Creatures
  An ooze (D:1)
  A dart slug (D:1)
  2 bats (D:1)
  2 giant cockroaches
  4 goblins
  3 hobgoblins (D:1)
  4 kobolds (D:1)
  2 rats (D:1)
19 creatures vanquished.

Notes
Turn   | Place    | Note
-------+----------+-------------------------------------------
     0 | D:1      | tidbits the Felid Transmuter began the quest for the Orb.
     0 | D:1      | Reached XP level 1. HP: 9/9 MP: 4/4
    71 | D:1      | Reached skill level 1 in Stealth
    96 | D:1      | Reached XP level 2. HP: 11/12 MP: 4/6
   100 | D:1      | Learned a level 2 spell: Sticks to Snakes
   147 | D:1      | Reached skill level 2 in Stealth
   192 | D:1      | Reached skill level 3 in Stealth
   291 | D:2      | HP: 1/12 [poisoned by a goblin]
   292 | D:2      | Mangled by a worm

Vault maps used:
D:1:      evilmike_arrival_run_for_it
D:2:      minitemple, uniq_robin

Skill      XL: |  1  2 |
---------------+-------+-----
Stealth        | 1 3 |  3.3
Fighting       | |  1.1
Dodging        | |  2.8
Unarmed Combat | |  3.0
Spellcasting   | |  2.0
Transmutations | |  2.3

Action                   || total
-------------------------++-------
Melee: Unarmed           ||    51
       Bite              ||     6
       Headbutt          ||     3
 Cast: Beastly Appendage ||    11
       Sticks to Snakes  ||     1
 Stab: Sleeping          ||     9
Armor: Skin              ||     1
Dodge: Dodged            ||    31

Table legend:
 A = Spawn XP
 B = Non-spawn XP
 C = Spawn XP percentage of total XP
 D = Spawn monster count
 E = Non-spawn monster count
 F = Spawn count percentage of total count
 G = Total turns spent on level
                    A         B        C        D         E        F      G
               +---------+---------+-------+---------+---------+-------+---------
         Total |       0 |      40 |   0.0 |       0 |      19 |   0.0 |   292
               +---------+---------+-------+---------+---------+-------+---------
           D:1 |       0 |      36 |   0.0 |       0 |      17 |   0.0 |   240
           D:2 |       0 |       4 |   0.0 |       0 |       2 |   0.0 |    52
               +---------+---------+-------+---------+---------+-------+---------

Table legend:
 A = Turns spent in this place as a percentage of turns spent in the entire game.
 B = Non-inter-level travel turns spent in this place as a percentage of non-inter-level travel turns spent in the entire game.
 C = Inter-level travel turns spent in this place as a percentage of turns spent in this place.
 D = Turns resting spent in this place as a percentage of non-inter-level travel turns spent in this place.
 E = Turns spent auto-exploring this place as a percentage of non-inter-level travel turns spent in this place.
 F = Non-inter-level travel turns spent in this place divided by the number of levels of this place that you've seen.
                   A       B       C       D       E      F
               +-------+-------+-------+-------+-------+----------------------
         Total | 100.0 | 100.0 |   5.8 |   0.0 |   0.0 | 137.5
       Dungeon | 100.0 | 100.0 |   5.8 |   0.0 |   0.0 | 137.5
               +-------+-------+-------+-------+-------+----------------------

Table legend:
 A = Kills in this place as a percentage of kills in entire the game.
 B = Kills by you in this place as a percentage of kills by you in the entire game.
 C = Kills by friends in this place as a percentage of kills by friends in the entire game.
 D = Other kills in this place as a percentage of other kills in the entire game.
 E = Experience gained in this place as a percentage of experience gained in the entire game.
 F = Experience gained in this place divided by the number of levels of this place that you have seen.
                   A       B       C       D       E      F
               +-------+-------+-------+-------+-------+----------------------
         Total | 100.0 | 100.0 |   N/A |   N/A | 100.0 |  20.0
       Dungeon | 100.0 | 100.0 |   N/A |   N/A | 100.0 |  20.0
               +-------+-------+-------+-------+-------+----------------------

Vault maps used:
D:1:      evilmike_arrival_run_for_it
D:2:      minitemple, uniq_robin
